 Dungeon Crawl Stone Soup version 0.24-a0-201-gf205589 (console) character file.

Game seed: 2988636900295651464

445 bli the Ducker (level 6, -12/52 HPs)
             Began as a Draconian Fighter on Mar 24, 2019.
             Was an Initiate of Ru.
             Splashed by a kobold's acid (17 damage)
             ... on level 4 of the Dungeon.
             The game lasted 00:13:15 (3576 turns).

bli the Ducker (Draconian Fighter)                  Turns: 3576, Time: 00:13:16

Health: -12/52     AC:  3    Str: 18    XL:     6   Next: 72%
Magic:  6/6        EV: 12    Int:  8    God:    Ru [......]
Gold:   88         SH:  9    Dex: 13    Spells: 5/5 levels left

rFire    . . .     SeeInvis .   a - +0 scimitar (vamp)
rCold    . . .     Gourm    .   b - +0 shield
rNeg     . . .     Faith    .   (armour unavailable)
rPois    .         Spirit   .   (helmet restricted)
rElec    .         Reflect  .   (no cloak)
rCorr    .         Harm     .   B - +0 pair of gloves
MR       .....                  (no boots)
Stlth    +.........             v - amulet of regeneration
HPRegen  0.57/turn              (no ring)
MPRegen  0.10/turn              (no ring)

@: lethally poisoned (-12 -> -14), corroded
A: unfitting armour, cold-blooded, AC +6
a: Sacrifice Purity, Sacrifice Nimbleness, Sacrifice Arcana, Reject Sacrifices,
Renounce Religion


You were on level 4 of the Dungeon.
You worshipped Ru.
Ru was noncommittal.
You were not hungry.

You visited 1 branch of the dungeon, and saw 4 of its levels.

You collected 293 gold pieces.
You spent 205 gold pieces at shops.

Inventory:

Hand Weapons
 a - a +0 vampiric scimitar (weapon)
 e - a +0 short sword of draining
 j - a +0 hunting sling
 r - a +0 blowgun
 y - a +0 hunting sling
 z - a +2 dagger of venom
 F - a +2 vampiric halberd
 H - a +2 vampiric dagger
 J - a +0 long sword
Missiles
 i - 26 sling bullets
 m - 118 stones (quivered)
 w - 2 poisoned needles
Armour
 b - a +0 shield (worn)
 B - a +0 pair of gloves (worn)
Jewellery
 v - an amulet of regeneration (around neck)
 G - an uncursed ring of protection from magic {unknown}
 I - an uncursed ring of protection from magic {unknown}
Wands
 x - a wand of disintegration (10)
Scrolls
 f - a scroll of amnesia {unknown}
 g - a scroll of teleportation {unknown}
 h - 8 scrolls of identify {unknown}
 l - a scroll of blinking {unknown}
 p - 2 scrolls of magic mapping {unknown}
 q - 4 scrolls of fear {unknown}
 s - 3 scrolls of remove curse {unknown}
 u - a scroll of noise {unknown}
 E - a scroll of enchant weapon {unknown}
Potions
 c - a potion of might
 k - 2 potions of heal wounds
 n - a potion of degeneration {unknown}
 o - a potion of ambrosia {unknown}
 t - a potion of agility {unknown}
 A - a potion of brilliance {unknown}
 C - a potion of curing {unknown}
 D - a potion of invisibility {unknown}
Comestibles
 d - 11 rations


   Skills:
 * Level 4.0 Fighting
 + Level 3.6(4.4) Short Blades
 * Level 3.8(4.5) Long Blades
 + Level 4.6 Dodging
 * Level 3.2 Shields


You had 5 spell levels left.
You didn't know any spells.
Your spell library contained the following spells:

 Spells                   Type           Power        Failure   Level  Hunger
 Confusing Touch          Hex            #.....       89%         1    ##.....
 Confuse                  Hex            #.......     99%         3    ####...
 Gell's Gravitas          Tloc           #.........   99%         3    ####...
 Petrify                  Tmut/Erth      #.......     100%        4    #####..
 Metabolic Englaciation   Hex/Ice        #.........   100%        5    ######.
 Yara's Violent Unravell  Hex/Tmut       #.........   100%        5    ######.


Dungeon Overview and Level Annotations

Branches:
Dungeon (4/15)
 Temple: D:4-7

Altars:
Ru
Sif Muna
Trog
Uskayaw
Vehumet
The Shining One

Shops:
D:4 ![(*

Annotations:
D:3 2 transporters, Borgoz's ghost, amateur KoHu


Innate Abilities, Weirdness & Mutations

Your plain brown scales are hard. (AC +6)
You cannot fit into any form of body armour.
You are cold-blooded and may be slowed by cold attacks.


Message History

You feel sick.
You feel sick.
The kobold shouts! x2
The kobold hits you but does no damage.
You barely miss the kobold.
You feel sick. You block the kobold's attack.
The kobold zaps a wand.
The bolt of acid hits the kobold!!
The kobold is splashed with acid!
The kobold dies!
The bolt of acid misses you.
You feel sick.
You see here a +0 dagger.
You miss the kobold.
You feel sick. You block the kobold's attack.
The kobold zaps a wand.
The bolt of acid hits you!
You are splashed with acid!
* * * LOW HITPOINT WARNING * * *
You closely miss the kobold.
Your tail-slap misses the kobold.
You feel sick. The kobold barely misses you.
You riposte.
You hit the kobold.
You feel better.
The kobold is moderately wounded.
The kobold zaps a wand.
The bolt of acid hits you!
* * * LOW HITPOINT WARNING * * *
The acid corrodes you!
You are splashed with acid!
You die... ..............[....#.#####....... ......................#.#........ )................#....#.#........ ).......#.##.....#........<...... #)#.....#.##...#.#...[...#....... #....##.......≈≈≈#.......##...... #))..###....≈≈≈≈≈≈≈≈≈...#####...# #...)......≈≈≈≈≈≈≈≈######...###.. ......#...####≈≈≈###....
KKK

### ....###......#####...... ###
....####..†.....@KK.######≈###
..........###....K###≈≈≈≈≈≈≈≈###
.........#..#######...#≈≈≈≈≈≈≈≈##
..###...................≈≈≈≈≈...#
..#∩#...........###...........###
..#'#............##...........###
.....###....#..#...........#####.
..#.)###.....##.............)##..
..#...###.......##...........#...
..#.............#........##......
..#....##.......##......###.#...#


You could see 3 kobolds.

Vanquished Creatures
  A big kobold (D:4)
  2 hounds (D:4)
  An orc priest (D:4)
  An orc wizard (D:4)
  2 hound skeletons
  2 worker ant zombies (D:3)
  4 gnolls (D:3)
  5 adders
  2 adder skeletons
  4 worms
  A dart slug (D:1)
  2 leopard geckos
  9 orcs
  2 giant cockroaches (D:2)
  12 goblins
  14 hobgoblins
  6 jackals
  12 kobolds
  A quokka (D:2)
  A ball python (D:2)
  9 bats
  5 frilled lizards
  A leopard gecko skeleton (D:3)
  A quokka skeleton (D:3)
  7 rats
107 creatures vanquished.

Vanquished Creatures (others)
  A kobold (D:4)
1 creature vanquished.

Grand Total: 108 creatures vanquished

Notes
Turn   | Place    | Note
-------+----------+-------------------------------------------
     0 | D:1      | bli the Draconian Fighter began the quest for the Orb.
     0 | D:1      | Reached XP level 1. HP: 19/19 MP: 1/1
   112 | D:1      | Reached XP level 2. HP: 25/26 MP: 2/2
   916 | D:1      | Reached XP level 3. HP: 29/31 MP: 3/3
  1137 | D:2      | Found a hide-covered altar of Uskayaw.
  1417 | D:2      | Reached skill level 1 in Short Blades
  1499 | D:2      | Reached XP level 4. HP: 30/38 MP: 4/4
  1717 | D:2      | Found a sacrificial altar of Ru.
  1722 | D:2      | Became a worshipper of Ru the Awakened
  1889 | D:2      | Found a glowing golden altar of the Shining One.
  1889 | D:2      | Found a deep blue altar of Sif Muna.
  2021 | D:2      | Found a bloodstained altar of Trog.
  2287 | D:3      | Reached XP level 5. HP: 45/45 MP: 5/5
  2428 | D:3      | Found a transporter.
  2430 | D:3      | Noticed Borgoz's ghost (amateur KoHu)
  2431 | D:3      | Noticed a phantom
  2433 | D:3      | Found a transporter.
  2591 | D:3      | Found a radiant altar of Vehumet.
  2903 | D:4      | Found Vuitzyi's Distillery.
  2925 | D:4      | Bought a potion of heal wounds for 65 gold pieces
  3033 | D:4      | Reached XP level 6. HP: 51/51 MP: 6/6
  3055 | D:4      | Found Wiefywk's Armour Emporium.
  3235 | D:4      | Found Relophi's Assorted Antiques.
  3282 | D:4      | Found Leihut's Weapon Boutique.
  3295 | D:4      | Bought a +0 vampiric scimitar for 140 gold pieces
  3576 | D:4      | Splashed by a kobold's acid

Levels and vault maps discovered:
D:1:      zelgadis_glass_arrival_small, layout_basic,
          hangedman_decor_clover_reticule, minmay_pentomino_z2
D:2:      layout_loops_ring, marbit_many_paths,
          gammafunk_temple_overflow_elements, eat_drink_and_be_merry_uskayaw,
          lightli_temple_of_fire, first_ration, minmay_tall_x
D:3:      layout_loops_ring, old_standard_altar, serial_undead, serial_undead_b,
          serial_undead_b, serial_undead_a, serial_undead_c,
          gammafunk_ghost_mausoleum, kennysheep_generic_room_6
D:4:      cheibrodos_thug_alley, layout_cave_pools, serial_shops, shop, shop,
          nicolae_shop_window_shopping, shop_fountains

Skill      XL: |  1  2  3  4  5  6 |
---------------+-------------------+-----
Dodging        | 3 4 |  4.6
Short Blades   | 1 2 3 |  3.6
Long Blades    | 3 |  3.8
Fighting       | 4 |  4.0
Shields        | |  3.2

Action                   |  1- 3 |  4- 6 || total
-------------------------+-------+-------++-------
Melee: Short sword       |   117 |   267 ||   384
       Long sword        |     2 |       ||     2
       Tailslap          |    18 |    34 ||    52
       Scimitar          |       |    24 ||    24
 Stab: Sleeping          |     2 |       ||     2
  Eat: Chunk             |     2 |     6 ||     8
       Ration            |       |     2 ||     2
Armor: Skin              |    43 |    73 ||   116
Dodge: Dodged            |    69 |   146 ||   215
Block: Shield            |    53 |   135 ||   188
       Rpst.: Scimitar   |       |     2 ||     2

Table legend:
 A = Non-vault XP
 B = Vault XP
 C = Vault XP percentage of total XP
 D = Non-vault monster count
 E = Vault monster count
 F = Vault count percentage of total count
                 A         B        C        D         E       F
            +---------+---------+-------+---------+---------+-------
      Total |     440 |     197 |  30.9 |      86 |      21 |  19.6
            +---------+---------+-------+---------+---------+-------
        D:1 |      40 |       3 |   7.0 |      22 |       2 |   8.3
        D:2 |      76 |      21 |  21.6 |      24 |       5 |  17.2
        D:3 |     114 |      62 |  35.2 |      27 |       7 |  20.6
        D:4 |     210 |     111 |  34.6 |      13 |       7 |  35.0
            +---------+---------+-------+---------+---------+-------
